 Dungeon Crawl Stone Soup version 0.30-a0-953-g5f1da4a474 (webtiles) character file.

Game seed: 16668472788636128219

273 Zenkrye the Poker (level 6, -2/47 HPs)
             Began as a Human Cinder Acolyte on Mar 28, 2023.
             Was a High Priest of Ignis.
             Killed by nerve-wracking pain
             ... invoked by Grinder
              (9 damage)
             ... while paralysed by Grinder
             ... on level 3 of the Dungeon.
             The game lasted 00:03:51 (2013 turns).

Zenkrye the Poker (Human Cinder Acolyte)            Turns: 2013, Time: 00:03:52

Health: -2/47      AC:  6    Str: 17    XL:     6   Next: 48%
Magic:  7/7        EV:  2    Int: 14    God:    Ignis [*****.]
Gold:   145        SH:  0    Dex:  8    Spells: 5/7 levels left

rFire   + . .      SeeInvis .    a - -1 spear (venom)
rCold   . . .      Faith    .    (no shield)
rNeg    . . .      Spirit   .    c - +0 ring mail
rPois   +          Reflect  .    (no helmet)
rElec   .          Rampage  .    (no cloak)
rCorr   .                        (no gloves)
Will    .....                    j - +0 pair of boots Stlth
                                 (no amulet)
HPRegen 0.27/turn                o - ring of poison resistance
MPRegen 0.10/turn                (no ring)

@: paralysed, invisible
A: no striking features
a: Renounce Religion, Fiery Armour, Foxfire Swarm, Rising Flame


You were on level 3 of the Dungeon.
You worshipped Ignis.
Ignis was extremely pleased with you.
You visited 1 branch of the dungeon, and saw 3 of its levels.

You collected 145 gold pieces.

Inventory:

Hand Weapons
 a - a -1 spear of venom (weapon)
 p - a +1 trident
Missiles
 f - 14 poisoned darts (quivered)
Armour
 b - a +0 robe
 c - a +0 ring mail (worn)
 j - a +0 pair of boots (worn)
Jewellery
 o - a ring of poison resistance (left hand)
Scrolls
 d - a scroll of teleportation {@r3}
 h - a scroll of immolation
 i - a scroll of identify {@r1}
Potions
 e - a potion of haste {unknown}
 g - a potion of mutation {unknown}
 k - a potion of attraction {unknown}
 l - a potion of curing {unknown}
 n - a potion of cancellation {unknown}
 q - 2 potions of heal wounds {unknown}


   Skills:
 - Level 3.0 Fighting
 + Level 6.8 Polearms
 - Level 1.0 Spellcasting
 - Level 3.0 Fire Magic


You had 5 spell levels left.
You knew the following spells:

 Your Spells              Type           Power      Damage    Failure   Level
a - Scorch                Fire           18%        2d5       22%         2

Your spell library contained the following spells:

 Spells                   Type           Power      Damage    Failure   Level
 Magic Dart               Conj           0%         1d3       43%         1
 Call Imp                 Summ           0%         N/A       58%         2
 Ignite Poison            Fire/Tmut/Pois 3%         N/A       67%         3
 Mephitic Cloud           Conj/Pois/Air  0%         N/A       82%         3
 Stone Arrow              Conj/Erth      0%         3d7       82%         3
 Sticky Flame             Conj/Fire      4%         2d3       95%         4
 Animate Armour           Summ/Erth      0%         N/A       99%         4
 Ignition                 Fire           4%         3d4       100%        8
 Lehudib's Crystal Spear  Conj/Erth      0%         10d2      100%        8


Dungeon Overview and Level Annotations

Branches:
Dungeon (3/15)

Altars:
Wu Jian

Annotations:
D:3 Grinder


Message History

You hit the hobgoblin.
You kill the hobgoblin!
You see here a hobgoblin corpse.
You hit Grinder.
Grinder is lightly wounded.
You hit Grinder.
Grinder is lightly wounded.
Grinder gestures at you. Pain shoots through your body!
You barely miss Grinder.
Grinder is lightly wounded.
Grinder barely misses you.
You hit Grinder.
Grinder is poisoned.
Grinder is moderately wounded.
Grinder hits you!
You writhe in agony.
You are too injured to fight recklessly!
You are too injured to fight recklessly!
You are too injured to fight recklessly!
You hit Grinder but do no damage.
Grinder is moderately wounded.
Grinder closely misses you.
You barely miss Grinder.
Grinder is moderately wounded.
You hit Grinder.
Grinder is moderately wounded.
Grinder hits you.
You writhe in agony.
You hit Grinder.
Grinder is heavily wounded.
Grinder hits you but does no damage.
You hit Grinder but do no damage.
Grinder is heavily wounded.
Grinder gestures at you. Pain shoots through your body!
* * * LOW HITPOINT WARNING * * *
You fade into invisibility!
Grinder gestures at you.
You suddenly lose the ability to move!
Grinder gestures at you. Pain shoots through your body!
You die...

#..........#.#..))....#.##.....
########...#.#.###....#.#######
#...#.#+#####...........
#...#..........##..#####
#...#.........†###..###
#...#..........# ##...##
#...#.#'#####..# ###..#
#...#.#†# #..# ##.. #.#@# #..#
##. #.#5# #... ## #<#.# #.##
###.# ... ###


You could see Grinder (unable to see you, very poisoned).

Vanquished Creatures
  Sigmund (D:2)
  4 gnolls (D:3)
  An adder (D:3)
  2 worms
  A dart slug (D:1)
  2 orcs (D:3)
  6 ball pythons
  2 bats
  2 endoplasms
  A giant cockroach (D:3)
  3 goblins
  5 hobgoblins
  4 jackals (D:2)
  3 quokkas
  A frilled lizard (D:2)
  3 kobolds (D:1)
  5 rats
46 creatures vanquished.

Vanquished Creatures (others)
  A plant (D:1)
1 creature vanquished.

Grand Total: 47 creatures vanquished

Notes
Turn   | Place    | Note
-------+----------+-------------------------------------------
     0 | D:1      | Zenkrye the Human Cinder Acolyte began the quest for the
                  | Orb.
     0 | D:1      | Reached XP level 1. HP: 18/18 MP: 2/2
   160 | D:1      | Reached XP level 2. HP: 24/24 MP: 3/3
   167 | D:1      | Learned a level 2 spell: Scorch
   741 | D:1      | Found a faded altar of an unknown god.
   789 | D:2      | Reached skill level 4 in Polearms
   789 | D:2      | Reached XP level 3. HP: 29/29 MP: 4/4
   843 | D:2      | Noticed Sigmund
  1281 | D:2      | Killed Sigmund
  1282 | D:2      | Reached skill level 6 in Polearms
  1282 | D:2      | Reached XP level 4. HP: 33/35 MP: 5/5
  1282 | D:2      | Reached XP level 5. HP: 39/41 MP: 6/6
  1282 | D:2      | Reached XP level 6. HP: 45/47 MP: 7/7
  1713 | D:3      | Found an ornate altar of the Wu Jian Council.
  1999 | D:3      | Noticed Grinder
  2012 | D:3      | Paralysed by Grinder for 4 turns
  2013 | D:3      | Killed from afar by Grinder

Illustrated notes

Levels and vault maps discovered:
D:1:      amcnicky_arrival_double_pillar, layout_basic,
          shapermc_ecumenical_altar_mp_urbaneastern, minmay_shallow_snake_nest
D:2:      layout_loops_ring, skrybe_limestone_x, uniq_sigmund
D:3:      layout_basic, overflow_temple_1_default, uniq_grinder

Skill      XL: |  1  2  3 |
---------------+----------+-----
Polearms       | 4 6 |  6.8
Fighting       | |  3.0
Spellcasting   | |  1.0
Fire Magic     | |  3.0

Action                     |  1- 3 |  4- 6 || total
---------------------------+-------+-------++-------
  Melee: Spear             |   116 |    52 ||   168
  Throw: Dart              |     4 |     2 ||     6
   Cast: Scorch            |       |     2 ||     2
    Use: Scroll            |     4 |     2 ||     6
         Potion            |       |     1 ||     1
 Armour: Ring mail         |    22 |    10 ||    32
         Robe              |     1 |       ||     1
  Dodge: Dodged            |    39 |    14 ||    53

Table legend: (Time is in decaauts)
 A = Elapsed time spent in this place.
 B = Non-inter-level travel time spent in this place.
 C = Inter-level travel time spent in this place.
 D = Time resting spent in this place.
 E = Time spent auto-exploring this place.
 F = Levels seen in this place.
 G = Mean time per level.
                   A        B        C        D        E       F      G
               +--------+--------+--------+--------+--------+-----+--------+
         Total |   1989 |   1895 |     94 |     33 |   1502 |   3 |  663.0 |
       Dungeon |   1989 |   1895 |     94 |     33 |   1502 |   3 |  663.0 |
               +--------+--------+--------+--------+--------+-----+--------+

Top non-repeatable levels by time:
     D:1: 802 daAuts
     D:2: 765 daAuts
     D:3: 421 daAuts
